 Dungeon Crawl Stone Soup version 0.30.0-19-g36f170ea60 (webtiles) character file.

Game seed: 15827937040647407247

112 Jannitor the Sneak (level 5, -1/61 HPs)
             Began as a Djinni Delver on May 29, 2023.
             Slain by a scorpion (4 damage)
             ... on level 3 of the Dungeon.
             The game lasted 00:03:05 (1663 turns).

Jannitor the Sneak (Djinni Delver)                  Turns: 1663, Time: 00:03:05

Health: -1/61      AC: 22    Str: 13      XL:     5   Next: 16%
Gold:   104        EV:  2    Int: 11 (12) God:
                   SH:  0    Dex: 11 (14)

rFire   . . .        a - +0 falchion
rCold   . . .        (no shield)
rNeg    . . .        h - melded +0 ring mail
rPois   ∞            (helmet currently unavailable)
rElec   .            (cloak currently unavailable)
rCorr   .            (gloves currently unavailable)
SInv    .            (boots unavailable)
Will    .....        (no amulet)
Stlth   ++           (no ring)
HPRegen 0.30/turn    (no ring)
MPRegen 0.00/turn

%: infuse magic (-2 HP)
@: tree-form
A: stationary, stasis, torment immunity, boosted hp, sickness immunity, (fire
resistance 2), (cold vulnerability 1), float, innate caster, HP casting, extra
vitality 1
a: no special abilities


You were on level 3 of the Dungeon.
You were a tree.
You visited 1 branch of the dungeon, and saw 5 of its levels.

You collected 104 gold pieces.

Inventory:

Hand Weapons
 a - a +0 falchion (weapon)
Armour
 b - a +0 leather armour
 h - a +0 ring mail (melded)
Wands
 g - a wand of digging (2)
Scrolls
 c - 2 scrolls of fog
 d - 2 scrolls of magic mapping
 i - 3 scrolls of identify {unknown}
 k - a scroll of torment {unknown}
 l - a scroll of amnesia {unknown}
Potions
 e - a potion of might {unknown}
 f - a potion of flight {unknown}
 m - a potion of berserk rage {unknown}


   Skills:
 + Level 3.7 Fighting
 + Level 2.6 Long Blades
 + Level 0.1 Armour
 + Level 3.2 Dodging
 - Level 4.2 Stealth
 * Level 1.1 Spellcasting


You knew the following spells:

 Your Spells              Type           Power      Damage    Failure   Level
a - Kiss of Death         Conj/Necr      12%        2d6       21%         1
b - Poisonous Vapours     Pois/Air       6%         N/A       30%         2
Your spell library was empty.

Dungeon Overview and Level Annotations

Branches:
Dungeon (5/15)
 Temple: D:4-7

Altars:

Shops:
D:2 =


Innate Abilities, Weirdness & Mutations

You are a tree.
Your roots penetrate the ground, keeping you stationary.
You cannot be teleported.
You are immune to unholy pain and torment.
Your maximum health is greatly increased.
Your equipment is partially melded.
You are immune to sickness and miasma.
You are immune to poison.
((Your flesh is very heat resistant. (rF++)))
((You are vulnerable to cold. (rC-)))
You float through the air rather than walking.
You learn spells naturally, not from books.
Your magical power is your life essence.
You have superior vitality. (+4 MHP)


Message History

The scorpion stings you.
* * * LOW HITPOINT WARNING * * *
The scorpion closely misses you.
You closely miss the scorpion.
The scorpion is severely wounded.
The scorpion stings you.
* * * LOW HITPOINT WARNING * * *
Really quaff the potion of lignification?
You turn into a tree.
Your +0 ring mail melds into your body.
Your roots penetrate the ground.
The scorpion stings you but does no damage.
You hit the scorpion but do no damage.
The scorpion is severely wounded.
The scorpion stings you but does no damage.
The scorpion barely misses you.
You closely miss the scorpion.
The scorpion is heavily wounded.
The scorpion stings you but does no damage.
You hit the scorpion.
The scorpion is almost dead.
The scorpion stings you but does no damage.
You hit the scorpion but do no damage.
The scorpion is almost dead.
The scorpion stings you but does no damage. x2
You hit the scorpion but do no damage.
The scorpion is almost dead.
The scorpion stings you but does no damage.
You closely miss the scorpion.
The scorpion is almost dead.
The scorpion stings you but does no damage. x2
You hit the scorpion but do no damage.
The scorpion is almost dead.
The scorpion stings you.
* * * LOW HITPOINT WARNING * * *
You hit the scorpion but do no damage.
The scorpion is almost dead.
The scorpion stings you.
* * * LOW HITPOINT WARNING * * *
The scorpion stings you.
You die...

.....#+#.#
###........#
..........# #........#
#.....<..#
#........#+##
#...........#
#..(.♣s.....#
#...........# ## ##
#...........# ###. .
#.$.......... ...###
#...........# #.....
#.....####### #.#...
#.....###########.#...
#.....#.......)...#...
####..............#<..


You could see a scorpion.

Vanquished Creatures
  A gnoll (D:2)
  6 adders
  A dart slug (D:1)
  2 bats
  2 endoplasms
  3 giant cockroaches
  3 hobgoblins
  6 jackals
  7 kobolds
  3 ball pythons
  3 frilled lizards
  6 goblins
  5 rats
48 creatures vanquished.

Notes
Turn   | Place    | Note
-------+----------+-------------------------------------------
     0 | D:5      | Jannitor the Djinni Delver began the quest for the Orb.
     0 | D:5      | Reached XP level 1. HP: 20/20 MP: 0/0
     9 | D:5      | Noticed an orc wizard
    15 | D:5      | Reached XP level 2. HP: 22/25 MP: 0/0
   408 | D:1      | Reached XP level 3. HP: 25/30 MP: 0/0
   408 | D:1      | Learned a level 1 spell: Kiss of Death
   975 | D:2      | Reached XP level 4. HP: 35/35 MP: 0/0
  1237 | D:2      | Reached skill level 1 in Spellcasting
  1237 | D:2      | Reached XP level 5. HP: 41/41 MP: 0/0
  1237 | D:2      | Learned a level 2 spell: Poisonous Vapours
  1265 | D:2      | Found Demo's Jewellery Shop.
  1663 | D:3      | HP: 3/61 [scorpion (6)]
  1663 | D:3      | Slain by a scorpion

Illustrated notes

Levels and vault maps discovered:
D:1:      dpeg_arrival_radiant, layout_rooms
D:2:      layout_rooms, serial_shops, shop, minivault_19, minmay_close_crescents
D:3:      layout_basic, marbit_many_paths, nicolae_qazlal_style_of_elements,
          uniq_terence, uniq_sigmund
D:4:      layout_loops_ring, nicolae_dithmenos_the_darkroom,
          serial_co_window_serial, co_window_paths_b, co_window_paths_b,
          co_window_paths_a, co_window_paths_b, co_window_corner_a,
          co_window_of_opportunity_a, co_window_paths_b,
          co_window_of_opportunity_a, co_window_paths_a, co_window_corner_b,
          co_window_of_opportunity_b, co_window_corner_ca,
          co_window_unsneaky_path_e, co_window_broadway_a, co_window_paths_d,
          glass_columns_b, uniq_grinder
D:5:      layout_rooms, trog_wizard, minmay_temple_entry_hall,
          minmay_starry_boxes

Skill      XL: |  1  2  3  4 |
---------------+-------------+-----
Long Blades    | 2 |  2.6
Dodging        | 3 |  3.2
Spellcasting   | 1 |  1.1
Fighting       | |  3.7
Armour         | |  0.1
Stealth        | |  4.2

Action                     |  1- 3 |  4- 6 || total
---------------------------+-------+-------++-------
  Melee: Falchion          |   105 |   122 ||   227
         Punch             |     1 |     1 ||     2
  Evoke: Wand              |     1 |       ||     1
    Use: Potion            |     4 |     3 ||     7
         Scroll            |       |     1 ||     1
   Stab: Sleeping          |     2 |     1 ||     3
 Armour: Ring mail         |    36 |    51 ||    87
         Skin              |     4 |     9 ||    13
  Dodge: Dodged            |    71 |    77 ||   148
